 Dungeon Crawl Stone Soup version 0.28-a0-80-g9707f7362f (webtiles) character file.

Game seed: 2562799328633566609

29 Sweetruy1997 the Vexing (level 3, -1/35 HPs)
             Began as an Ogre Arcane Marksman on Aug 5, 2021.
             Slain by a worm (2 damage)
             ... on level 2 of the Dungeon.
             The game lasted 00:04:14 (1241 turns).

Sweetruy1997 the Vexing (Ogre Arcane Marksman)      Turns: 1241, Time: 00:04:15

Health: -1/35      AC:  3    Str: 14    XL:     3   Next: 16%
Magic:  4/5        EV: 10    Int: 14    God:
Gold:   13         SH:  0    Dex: 10    Spells: 1/4 levels left

rFire   . . .      SeeInvis .   b - +0 club
rCold   . . .      Faith    .   (no shield)
rNeg    . . .      Spirit   .   a - +0 robe
rPois   .          Reflect  .   (helmet restricted)
rElec   .          Harm     .   (no cloak)
rCorr   .          Rampage  .   (gloves unavailable)
Will    .....                   (boots unavailable)
Stlth   +.........              (no amulet)
HPRegen 0.11/turn               (no ring)
MPRegen 0.09/turn               (no ring)

@: lethally poisoned (-1 -> -3)
A: large, unfitting armour, tough skin 1
a: no special abilities


You were on level 2 of the Dungeon.
You visited 1 branch of the dungeon, and saw 2 of its levels.

You collected 13 gold pieces.

Inventory:

Hand Weapons
 b - a +0 club (weapon)
Missiles
 c - a throwing net (quivered)
Armour
 a - a +0 robe (worn)
Scrolls
 g - a scroll of amnesia {unknown}
 h - a scroll of teleportation {unknown}
Potions
 e - a potion of berserk rage {unknown}
 f - a potion of heal wounds {unknown}
 i - a potion of attraction {unknown}


   Skills:
 + Level 1.7 Fighting
 + Level 0.3 Maces & Flails
 + Level 2.2 Throwing
 + Level 2.4 Dodging
 + Level 0.1 Stealth
 + Level 1.3 Spellcasting
 + Level 3.0 Hexes


You had one spell level left.
You knew the following spells:

 Your Spells              Type           Power      Damage    Failure   Level
a - Corona                Hex            10%        N/A       8%          1
b - Slow                  Hex            9%         N/A       11%         2

Your spell library contained the following spells:

 Spells                   Type           Power      Damage    Failure   Level
 Inner Flame              Hex/Fire       5%         N/A       38%         3
 Portal Projectile        Hex/Tloc       10%        N/A       38%         3
 Cause Fear               Hex            4%         N/A       58%         4


Dungeon Overview and Level Annotations

Branches:
Dungeon (2/15)

Altars:
Ru


Innate Abilities, Weirdness & Mutations

You are too large for most types of armour.
You have tough skin. (AC +1)


Message History

You closely miss the adder. The adder bites you but does no damage.
The ball python bites you.
The ball python bites you but does no damage.
The adder bites you.
You closely miss the adder. The adder bites you. The ball python misses you.
The adder closely misses you.
You miss the adder.
The ball python bites you but does no damage.
The adder bites you. The ball python barely misses you.
You closely miss the adder. The adder bites you.
You are poisoned.
The adder poisons you! The ball python barely misses you.
The worm barely misses you. The adder bites you. The ball python bites you.
You hit the adder but do no damage.
You feel sick. The adder bites you. The ball python barely misses you.
The worm barely misses you.
You closely miss the adder.
You feel sick. The adder closely misses you.
The ball python bites you but does no damage.
The adder bites you.
You are more poisoned.
The adder poisons you! The ball python bites you.
You closely miss the adder.
* * * LOW HITPOINT WARNING * * *
You feel very sick. The adder barely misses you. The worm bites you.
* * * LOW HITPOINT WARNING * * *
The ball python barely misses you. The adder closely misses you.
You hit the adder but do no damage.
* * * LOW HITPOINT WARNING * * *
You feel sick. The ball python closely misses you.
The adder bites you but does no damage. The worm misses you.
The ball python completely misses you.
You miss the adder.
* * * LOW HITPOINT WARNING * * *
You feel sick. The adder bites you but does no damage.
The ball python bites you.
* * * LOW HITPOINT WARNING * * *
The adder bites you.
* * * LOW HITPOINT WARNING * * *
The worm bites you.
You die...

. ..
...######
..#..(..##
...(.(..<##
..<...w...#
......S@..#
......S...#
..........#
..........#
..........#
.........##
..#.....##
.....####


You could see a worm, an adder and a ball python.

Vanquished Creatures
  An adder (D:2)
  4 endoplasms (D:1)
  3 goblins (D:1)
  2 hobgoblins
  4 jackals (D:1)
  A frilled lizard (D:1)
  2 rats
17 creatures vanquished.

Notes
Turn   | Place    | Note
-------+----------+-------------------------------------------
     0 | D:1      | Sweetruy1997 the Ogre Arcane Marksman began the quest for
                  | the Orb.
     0 | D:1      | Reached XP level 1. HP: 19/19 MP: 2/2
   427 | D:1      | Reached XP level 2. HP: 28/28 MP: 3/3
   459 | D:1      | Learned a level 2 spell: Slow
   587 | D:1      | Found a faded altar of an unknown god.
   591 | D:1      | Became a worshipper of Ru the Awakened
   597 | D:1      | Fell from the grace of Ru
  1227 | D:2      | Reached skill level 3 in Hexes
  1227 | D:2      | Reached XP level 3. HP: 35/35 MP: 3/5
  1241 | D:2      | HP: 1/35 [adder (1)]
  1241 | D:2      | Slain by a worm

Illustrated notes

Levels and vault maps discovered:
D:1:      amcnicky_arrival_blooded_trapdoor, layout_loops_cross,
          ebering_ecumenical_altar_mist
D:2:      minmay_skewed_foursquare, layout_rooms

Skill      XL: |  1  2 |
---------------+-------+-----
Dodging        | 2 |  2.4
Hexes          | 3 |  3.0
Fighting       | |  1.7
Maces & Flails | |  0.3
Throwing       | |  2.2
Stealth        | |  0.1
Spellcasting   | |  1.3

Action                   || total
-------------------------++-------
Melee: Unarmed           ||     5
       Club              ||    42
Throw: Large rock        ||    16
       Throwing net      ||     2
 Cast: Corona            ||     6
Invok: Renounce Religion ||     1
Armor: Robe              ||    20
Dodge: Dodged            ||    38

Table legend: (Time is in decaauts)
 A = Elapsed time spent in this place.
 B = Non-inter-level travel time spent in this place.
 C = Inter-level travel time spent in this place.
 D = Time resting spent in this place.
 E = Time spent auto-exploring this place.
 F = Levels seen in this place.
 G = Mean time per level.
                   A        B        C        D        E       F      G
               +--------+--------+--------+--------+--------+-----+--------+
         Total |   1266 |   1231 |     35 |    335 |    729 |   2 |  633.0 |
       Dungeon |   1266 |   1231 |     35 |    335 |    729 |   2 |  633.0 |
               +--------+--------+--------+--------+--------+-----+--------+

Top non-repeatable levels by time:
     D:1: 1245 daAuts
     D:2: 20 daAuts
